 Dungeon Crawl Stone Soup version 0.27.1-35-g4d5d836560 (webtiles) character file.

Game seed: 13448270853263095054

37 Froggeryz the Cudgeller (level 3, -2/26 HPs)
             Began as an Octopode Berserker on Sept 13, 2022.
             Was a Follower of Trog.
             Succumbed to an adder's poison
             ... on level 1 of the Dungeon.
             The game lasted 00:01:14 (846 turns).

Froggeryz the Cudgeller (Octopode Berserker)         Turns: 846, Time: 00:01:15

Health: -2/26      AC:  1    Str: 16    XL:     3   Next: 39%
Magic:  3/3        EV: 13    Int:  9    God:    Trog [*.....]
Gold:   6          SH:  0    Dex: 12    Spells: 2/2 levels left

rFire    . . .     SeeInvis .   a - +0 mace
rCold    . . .     Faith    .   (no shield)
rNeg     . . .     Spirit   .   (helmet restricted)
rPois    .         Reflect  .   (no amulet)
rElec    .         Harm     .   (no ring)
rCorr    .         Rampage  .   (no ring)
Will     .....                  (no ring)
Stlth    ++........             (no ring)
HPRegen  0.08/turn              (no ring)
MPRegen  0.08/turn              (no ring)
                                (no ring)
                                (no ring)

@: lethally poisoned (-2 -> -9), weak-willed, on berserk cooldown, slowed, very
slow
A: almost no armour, amphibious, 8 rings, camouflage 1, gelatinous body 1,
(nimble swimmer 1), tentacles
a: Renounce Religion, Berserk


You were on level 1 of the Dungeon.
You worshipped Trog.
Trog was aware of your devotion.
You visited 1 branch of the dungeon, and saw 2 of its levels.

You collected 32 gold pieces.
You spent 26 gold pieces at shops.

Inventory:

Hand Weapons
 a - a +0 mace (weapon)
Potions
 b - a potion of might {unknown}
 d - a potion of resistance {unknown}
 e - a potion of invisibility {unknown}
 g - a potion of lignification {unknown}


   Skills:
 - Level 3.0 Fighting
 * Level 4.3 Maces & Flails
 - Level 3.0 Dodging


You had 2 spell levels left.
You didn't know any spells.
Your spell library was empty.

Dungeon Overview and Level Annotations

Branches:
Dungeon (2/15)

Altars:

Shops:
D:1 *!:[


Innate Abilities, Weirdness & Mutations

You cannot wear most types of armour.
You are amphibious.
You can wear up to eight rings at the same time.
Your skin changes colour to match your surroundings (Stealth+).
Your rubbery body absorbs attacks. (AC +1, EV +1)
((You are camouflaged near water. (Stealth+)))
You have tentacles for arms and can constrict up to eight enemies at once.


Message History

The adder poisons you! The adder bites you.
You are lethally poisoned!
The adder poisons you!
Your Maces & Flails skill increases to level 4!
You have reached level 3!
Your experience leads to an increase in your attributes!
Increase (S)trength, (I)ntelligence, or (D)exterity?
You feel agile.
A red film seems to cover your vision as you go berserk!
You feel yourself moving faster!
You feel mighty!
You feel sick. The adder barely misses you.
You thump the adder! Your grab misses the adder.
The adder is almost dead.
You feel sick. The adder bites you.
* * * LOW HITPOINT WARNING * * *
You are lethally poisoned!
The adder poisons you!
You barely miss the adder. You grab the adder.
The adder is almost dead.
You constrict the adder.
You kill the adder!
Trog accepts your kill.
* * * LOW HITPOINT WARNING * * *
You feel sick.
* * * LOW HITPOINT WARNING * * *
You feel sick.
You see here an adder corpse.
You feel a strong urge to attack something.
* * * LOW HITPOINT WARNING * * *
You feel sick.
* * * LOW HITPOINT WARNING * * *
You feel sick.
There is a stone staircase leading up here.
You feel your anger nearly subside.
You are no longer berserk.
You are exhausted.
You feel yourself slow down.
* * * LOW HITPOINT WARNING * * *
You feel sick.
You climb upwards.
You die...

#.#.≈≈≈≈P #.#≈.≈≈≈≈
######## #.#.≈≈≈≈≈
##......###.##.≈≈≈≈
##........##.###.≈≈≈
#............###.≈≈≈
#..........####.≈≈≈≈
#............#.≈≈≈≈≈
#..@..)....#.##.≈≈≈≈
#........(.#.###.≈≈≈
##.......)##.# #..≈≈
##........##.###P..≈
#..........#.##....≈
#..........#.##.♣.≈≈
#............##.....
#............####''#
#..........### #..#


There were no monsters in sight!

Vanquished Creatures
  2 adders (D:2)
  2 ball pythons (D:1)
  5 bats (D:1)
  2 endoplasms (D:1)
  A quokka (D:1)
  A frilled lizard (D:1)
  3 goblins (D:1)
  2 kobolds (D:1)
  2 rats (D:1)
20 creatures vanquished.

Notes
Turn   | Place    | Note
-------+----------+-------------------------------------------
     0 | D:1      | Froggeryz the Octopode Berserker began the quest for the
                  | Orb.
     0 | D:1      | Reached XP level 1. HP: 16/16 MP: 1/1
    98 | D:1      | Found Baumeixt's Distillery.
   145 | D:1      | Found Yxeitzo's Assorted Antiques.
   157 | D:1      | Reached XP level 2. HP: 15/21 MP: 2/2
   577 | D:1      | Found Raos's Book Shop.
   615 | D:1      | Found Effoudas's Antique Armour Boutique.
   629 | D:1      | Found a faded altar of an unknown god.
   815 | D:1      | Bought a scroll labelled GESCHI CECAGOZ for 26 gold pieces
   839 | D:2      | Reached skill level 4 in Maces & Flails
   839 | D:2      | Reached XP level 3. HP: 12/26 MP: 3/3
   845 | D:2      | HP: 1/26 [poisoned by an adder]
   846 | D:1      | Succumbed to an adder's poison

Illustrated notes

Levels and vault maps discovered:
D:1:      lightli_arrival_windingriver, layout_rooms, serial_shops,
          nicolae_shop_waterfront, nicolae_shop_crystal, nicolae_diamond_shop,
          nicolae_shop_crystal, ebering_ecumenical_altar_sacrificial
D:2:      layout_basic

Skill      XL: |  1  2 |
---------------+-------+-----
Maces & Flails | 4 |  4.3
Fighting       | |  3.0
Dodging        | |  3.0

Action                   || total
-------------------------++-------
Melee: Mace              ||    40
       Constrict         ||     6
       Tentacles         ||     5
Invok: Berserk           ||     1
  Use: Scroll            ||     3
 Stab: Sleeping          ||     3
Armor: Skin              ||     4
Dodge: Dodged            ||    31
